 Dungeon Crawl Stone Soup version 0.31.0-32-g396128a36d (webtiles) character file.

Game seed: 12849808445847158028

50 hawla the Firebug (level 3, -1/19 HPs)
             Began as a Deep Elf Fire Elementalist on Apr 16, 2024.
             Slain by an orc
             ... wielding a +0 whip
              (3 damage)
             ... on level 3 of the Dungeon.
             The game lasted 00:02:14 (1948 turns).

hawla the Firebug (Deep Elf Fire Elementalist)      Turns: 1948, Time: 00:02:15

Health: -1/19      AC:  2    Str:  3 (5)  XL:     3   Next: 55%
Magic:  4/9        EV: 12    Int: 20 (21) God:
Gold:   206        SH:  0    Dex: 13 (15) Spells: 5/8 levels left

rFire   . . .        (no weapon)
rCold   . . .        (no shield)
rNeg    . . .        a - +0 robe
rPois   .            (no helmet)
rElec   .            (no cloak)
rCorr   .            (no gloves)
SInv    .            (no boots)
Will    .....        (no amulet)
Stlth   ++           (no ring)
HPRegen 0.23/turn    (no ring)
MPRegen 0.11/turn

%: no passive effects
@: no status effects
A: no striking features
a: no special abilities


You were on level 3 of the Dungeon.
You visited 1 branch of the dungeon, and saw 3 of its levels.

You collected 206 gold pieces.

Inventory:

Armour
 a - a +0 robe (worn)
Jewellery
 d - a +6 ring of intelligence
Scrolls
 e - a scroll of enchant weapon
 h - a scroll of amnesia {unknown}
Potions
 b - a potion of magic
 f - a potion of haste {unknown}
 g - a potion of cancellation
 i - a potion of attraction {unknown}


   Skills:
 - Level 2.4 Dodging
 - Level 2.4 Stealth
 - Level 3.0 Spellcasting
 - Level 1.1 Conjurations
 + Level 5.1 Fire Magic


You had 5 spell levels left.
You knew the following spells:

 Your Spells              Type           Power      Damage    Failure   Level
a - Foxfire               Conj/Fire      60%        2x1d7     4%          1
b - Scorch                Fire           46%        2d6       2%          2

Your spell library contained the following spells:

 Spells                   Type           Power      Damage    Failure   Level
 Inner Flame              Hex/Fire       13%        N/A       16%         3
 Volatile Blastmotes      Fire/Tloc      26%        2d12      16%         3
 Flame Wave               Conj/Fire      15%        2d7       36%         4


Dungeon Overview and Level Annotations

Branches:
Dungeon (3/15)

Altars:
Uskayaw
Yredelemnul


Message History

Casting: Foxfire (safe; 3% risk of failure)
Confirm with . or Enter, or press ? or * to list all spells.
You miscast Foxfire.
Nothing appears to happen.
A jackal comes into view.
The orc closely misses you. The orc hits you with a +0 dagger.
Unknown command.
Casting: Foxfire (safe; 3% risk of failure)
Confirm with . or Enter, or press ? or * to list all spells.
You conjure some foxfire!
The jackal barks!
The foxfire hits the jackal.
You kill the jackal!
The orc closely misses you. The orc hits you with a +0 dagger.
Casting: Foxfire (safe; 3% risk of failure)
Confirm with . or Enter, or press ? or * to list all spells.
You conjure some foxfire!
The foxfire hits the orc.
The orc is lightly wounded.
The orc hits you but does no damage. x2
The orc priest hits you with a +0 short sword.
Unknown command.
Casting: Foxfire (safe; 3% risk of failure)
Confirm with . or Enter, or press ? or * to list all spells.
You conjure some foxfire!
The orc closely misses you. The orc priest completely misses you.
The orc hits you with a +0 dagger.
* * * LOW HITPOINT WARNING * * *
It was a potion of degeneration.
There was something very wrong with that liquid.
You feel weakened.
You feel dopey.
You feel clumsy.
The foxfire hits the orc.
The orc is moderately wounded.
The foxfire hits the orc!
You kill the orc!
The orc closely misses you.
The orc priest hits you with a +0 short sword.
* * * LOW HITPOINT WARNING * * *
It was a potion of cancellation.
You feel magically purged.
Your magical contamination has completely faded away.
The jackal bites you but does no damage.
The orc hits you with a +0 whip.
You die...

##.# #.# #. #.# #. # #.#
#. .# #.# #. #'## #.#
#.## #...## ##.# #..###
#.....# ...# #.#.##
##o......
.#######....####@h......
...(...........ยง.o......
.########...####........
.# ##.## ##....... .# #.#
#.....# ## #.# #...## #.#
#+## #.# #.#


You could see an orc priest, an orc and a jackal.

Vanquished Creatures
  2 adders (D:2)
  2 dart slugs (D:1)
  An orc (D:3)
  2 ball pythons
  2 endoplasms
  A giant cockroach (D:1)
  3 goblins
  2 hobgoblins
  3 jackals
  4 kobolds
  A quokka (D:3)
  A frilled lizard (D:3)
  A rat (D:1)
25 creatures vanquished.

Vanquished Creatures (others)
  73 foxfires
73 creatures vanquished.

Grand Total: 98 creatures vanquished

Notes
Turn   | Place    | Note
-------+----------+-------------------------------------------
     0 | D:1      | hawla the Deep Elf Fire Elementalist began the quest for
                  | the Orb.
     0 | D:1      | Reached XP level 1. HP: 10/10 MP: 6/6
   229 | D:1      | Reached skill level 4 in Fire Magic
   229 | D:1      | Reached XP level 2. HP: 9/15 MP: 2/8
   234 | D:1      | Learned a level 2 spell: Scorch
  1113 | D:2      | Reached XP level 3. HP: 17/19 MP: 2/9
  1669 | D:3      | Reached skill level 5 in Fire Magic
  1749 | D:3      | Found a basalt altar of Yredelemnul.
  1749 | D:3      | Found a hide-covered altar of Uskayaw.
  1948 | D:3      | Slain by an orc

Illustrated notes

Levels and vault maps discovered:
D:1:      sevenhm_arrival_forest_fort_large_3, layout_loops_ring,
          minmay_distorted
D:2:      layout_basic
D:3:      layout_loops_corners, gammafunk_temple_overflow_wave

Skill      XL: |  1  2  3 |
---------------+----------+-----
Fire Magic     | 4 5 |  5.1
Dodging        | |  2.4
Stealth        | |  2.4
Spellcasting   | |  3.0
Conjurations   | |  1.1

Action                     || total
---------------------------++-------
  Melee: Unarmed           ||     5
   Cast: Foxfire           ||    42
         Scorch            ||     6
    Use: Scroll            ||     3
         Potion            ||     2
 Armour: Robe              ||    24
  Dodge: Dodged            ||    14
